 Dungeon Crawl Stone Soup version 0.19-a0-1571-g5ccf90f (webtiles) character file.

919 TheGoonsmith the Basher (level 8, 0/87 HPs)
             Began as an Ogre Berserker on Sept 15, 2016.
             Was an Elder of Trog.
             Slain by a rat (2 damage)
             ... in a sewer.
             The game lasted 00:09:59 (6117 turns).

TheGoonsmith the Basher (Ogre Berserker)            Turns: 6117, Time: 00:10:00

Health: 0/87       AC:  4    Str: 27    XL:     8   Next: 9%
Magic:  8/8        EV: 11    Int:  6    God:    Trog [****..]
Gold:   250        SH:  0    Dex: 11    Spells: 0 memorised, 7 levels left

rFire  . . .     SeeInvis .     a - +0 mace
rCold  . . .     Gourm    .     o - +0 robe (curse)
rNeg   . . .     Faith    .     (no shield)
rPois  .         Spirit   .     (helmet restricted)
rElec  .         Dismiss  .     y - +0 cloak
rCorr  .         Reflect  .     (gloves unavailable)
MR     +++..     Harm     .     (boots unavailable)
Stlth  +.........               (no amulet)
                                s - +4 ring of strength
                                m - ring of protection from magic

@: exhausted, regenerating, slowed, very slow
A: unfitting armour, tough skin 1
a: Berserk, Trog's Hand, Brothers in Arms, Burn Spellbooks, Renounce Religion


You were in a sewer.
You worshipped Trog.
Trog was greatly pleased with you.
You were near starving.

You visited 1 branch of the dungeon, and saw 5 of its levels.
You also visited: Sewer.

You collected 250 gold pieces.

Inventory:

Hand Weapons
 a - a +0 mace (weapon)
Missiles
 c - 2 throwing nets
 i - 9 tomahawks (quivered)
Armour
 b - a +0 animal skin
 o - a cursed +0 robe (worn)
 y - a +0 cloak (worn)
 B - the cursed +0 robe of the Guilds {Int+2, unknown}
   (You found it in a sewer)

   It affects your intelligence (+2).
   It has a curse placed upon it.
Jewellery
 d - an uncursed ring of positive energy
 l - an uncursed ring of fire
 m - a ring of protection from magic (left hand)
 s - a +4 ring of strength (right hand)
 w - an uncursed ring of fire
Scrolls
 g - 3 scrolls of remove curse
 k - 2 scrolls of amnesia
 q - 2 scrolls of magic mapping
 r - a scroll of identify
 A - a scroll of blinking
Potions
 e - a potion of cure mutation {unknown}
 f - 2 potions of heal wounds
 j - 3 potions of curing {unknown}
 n - 4 potions of flight
 p - a potion of haste {unknown}
 u - a potion of agility {unknown}
 v - a potion of degeneration {unknown}
 x - a potion of brilliance {unknown}
Comestibles
 h - 5 meat rations
 t - a bread ration
 z - 7 chunks of flesh


   Skills:
 + Level 7.1 Fighting
 * Level 9.3 Maces & Flails
 + Level 4.7 Dodging


You had 7 spell levels left.
You didn't know any spells.

Dungeon Overview and Level Annotations

Branches:
Dungeon (5/15)
 Temple: D:4-7

Altars:
Ashenzari
Ru
Trog


Innate Abilities, Weirdness & Mutations

You are too large for most types of armour.
You have tough skin. (AC +1)


Message History

The river rat closely misses you. The river rat bites you.
* * * LOW HITPOINT WARNING * * *
The rat bites you but does no damage.
You fail to use your ability.
The river rat bites you.
* * * LOW HITPOINT WARNING * * *
The rat closely misses you. The river rat bites you.
* * * LOW HITPOINT WARNING * * *
The river rat closely misses you.
Unknown command.
You fail to use your ability.
The rat misses you. The river rat closely misses you. The river rat bites you.
* * * LOW HITPOINT WARNING * * *
The river rat bites you.
* * * LOW HITPOINT WARNING * * *
The rat bites you but does no damage.
Unknown command.
The river rat bites you!
* * * LOW HITPOINT WARNING * * *
The rat bites you.
You die...

##........≈≈...†..#
#........≈≈≈≈.....#
..#.......≈≈≈.....#
.###......≈≈≈.....##
∩###.....≈≈≈.......##
###.......≈≈...##...#
##÷÷....≈≈≈≈.###r..#
#.......≈≈≈≈.##.r.##
##.....≈≈≈≈≈≈..#@r.#
#.......≈≈≈≈≈.....##
#.......≈≈≈≈≈≈....#
#.....≈≈≈≈≈≈≈≈....##
##.....≈≈≈≈≈≈≈≈....##
##....≈≈≈≈≈≈≈≈.....#
#....≈≈≈≈≈≈≈#.....#
##...≈≈≈≈≈≈≈≈##..†.#
#...(.≈≈≈≈≈≈≈≈#....#


You could see 2 river rats and a rat.

Vanquished Creatures
  A phantom (D:5)
  A scorpion (D:4)
  5 wights (D:5)
  2 crimson imps (D:5)
  A bullfrog skeleton (D:3)
  An iguana (D:4)
  3 worker ants
  3 gnolls (D:3)
  12 adders
  8 river rats (Sewer)
  A shadow imp (D:5)
  An ooze (D:4)
  6 worms
  2 dart slugs (D:1)
  3 leopard geckos
  11 orcs (D:3)
  9 bats
  7 giant cockroaches
  11 goblins
  9 hobgoblins
  11 jackals
  18 kobolds
  A quokka (D:5)
  6 ball pythons
  3 frilled lizards
  22 rats
158 creatures vanquished.

Vanquished Creatures (others)
  A jackal (D:2)
  A rat (D:2)
2 creatures vanquished.

Grand Total: 160 creatures vanquished

Notes
Turn   | Place    | Note
-------+----------+-------------------------------------------
     0 | D:1      | TheGoonsmith the Ogre Berserker began the quest for the Orb.
     0 | D:1      | Reached XP level 1. HP: 24/24 MP: 1/1
   149 | D:1      | Reached XP level 2. HP: 28/32 MP: 2/2
   576 | D:1      | You fall through a shaft!
   899 | D:1      | Reached XP level 3. HP: 34/40 MP: 3/3
  1021 | D:1      | Reached skill level 5 in Maces & Flails
  1148 | D:1      | Reached ** piety under Trog
  1521 | D:2      | Reached XP level 4. HP: 49/49 MP: 4/4
  1553 | D:2      | Found a sacrificial altar of Ru.
  1908 | D:2      | Reached skill level 5 in Fighting
  1952 | D:2      | Reached XP level 5. HP: 16/57 MP: 5/5
  2532 | D:2      | Reached skill level 6 in Maces & Flails
  3606 | D:3      | Reached *** piety under Trog
  3867 | D:3      | Reached XP level 6. HP: 65/66 MP: 6/6
  3877 | D:3      | Found a bloodstained altar of Trog.
  4305 | D:4      | Found a shattered altar of Ashenzari.
  4432 | D:4      | Reached skill level 7 in Maces & Flails
  4725 | D:5      | Entered Level 5 of the Dungeon
  4780 | D:5      | Noticed a phantom
  4807 | D:5      | Killed a phantom
  4807 | D:5      | Reached XP level 7. HP: 49/75 MP: 7/7
  4849 | D:5      | Reached skill level 8 in Maces & Flails
  5144 | D:5      | Reached skill level 9 in Maces & Flails
  5157 | D:5      | Reached **** piety under Trog
  5182 | D:5      | Found a glowing drain.
  5186 | Sewer    | Entered a sewer
  5730 | Sewer    | Reached XP level 8. HP: 71/87 MP: 8/8
  6061 | Sewer    | Got a crude robe
  6117 | Sewer    | HP: 2/87 [river rat (7)]
  6117 | Sewer    | Slain by a rat

Vault maps used:
D:1:      minmay_arrival_jagged
D:2:      nicolae_ru_awakened_eye, lemuel_flame_loot_1
D:3:      overflow_temple_1_default
D:4:      cheibrodos_ashenzari_chains, first_bread
D:5:      gup_sewer_entry_spiral
Sewer:    sewer_minmay_treatment

Skill      XL: |  1  2  3  4  5  6  7 |
---------------+----------------------+-----
Maces & Flails | 5 6 7 9 |  9.3
Dodging        | 3 4 |  4.7
Fighting       | 5 6 7 |  7.1

Action                   |  1- 3 |  4- 6 |  7- 9 || total
-------------------------+-------+-------+-------++-------
Melee: Mace              |   128 |   247 |   205 ||   580
Throw: Tomahawk          |       |     3 |       ||     3
Invok: Berserk           |     3 |     3 |     3 ||     9
       Trog's Hand       |       |     2 |     2 ||     4
  Use: Scroll            |       |     8 |       ||     8
       Potion            |       |     1 |     2 ||     3
 Stab: Sleeping          |       |     1 |       ||     1
  Eat: Chunk             |     4 |     9 |     6 ||    19
       Bread ration      |       |     1 |       ||     1
       Beef jerky        |       |     1 |       ||     1
       Pizza             |       |       |     1 ||     1
Armor: Animal skin       |    36 |    39 |       ||    75
       Robe              |       |    10 |    70 ||    80
Dodge: Dodged            |    62 |   149 |   151 ||   362
